 Dungeon Crawl Stone Soup version 0.23.1-37-gaa34b87b72 (webtiles) character file.

Game seed: 10479562813003031979

40 Marnok the Skirmisher (level 3, 0/29 HPs)
             Began as a Demonspawn Berserker on Mar 23, 2019.
             Was a Follower of Trog.
             Killed from afar by an orc wizard (4 damage)
             ... with a magic dart
             ... on level 4 of the Dungeon.
             The game lasted 00:04:58 (1483 turns).

Marnok the Skirmisher (Demonspawn Berserker)        Turns: 1483, Time: 00:04:59

Health: 0/29       AC: 14    Str: 18    XL:     3   Next: 30%
Magic:  3/3        EV:  6    Int:  8    God:    Trog [*.....]
Gold:   84         SH:  0    Dex: 12    Spells: 2/2 levels left

rFire    . . .     SeeInvis .   a - +0 hand axe
rCold    . . .     Gourm    .   (no shield)
rNeg     . . .     Faith    .   e - +1 plate armour
rPois    .         Spirit   .   (no helmet)
rElec    .         Reflect  .   (no cloak)
rCorr    .         Harm     .   (no gloves)
MR       .....                  (no boots)
Stlth    ..........             (no amulet)
HPRegen  0.09/turn              (no ring)
MPRegen  0.08/turn              (no ring)

@: no status effects
A: thin metallic scales 2
a: Berserk, Renounce Religion


You were on level 4 of the Dungeon.
You worshipped Trog.
Trog was aware of your devotion.
You were hungry.

You visited 1 branch of the dungeon, and saw 4 of its levels.

You collected 84 gold pieces.

Inventory:

Hand Weapons
 a - a +0 hand axe (weapon)
Armour
 b - a +0 animal skin
 e - a +1 plate armour (worn)
Potions
 d - a potion of cancellation
 g - a potion of curing {unknown}
 h - a potion of lignification {unknown}
Comestibles
 c - 4 rations


   Skills:
 + Level 3.4 Fighting
 + Level 3.4 Axes
 + Level 1.8 Armour
 + Level 2.0 Dodging
 + Level 0.2 Stealth


You had 2 spell levels left.
You didn't know any spells.
Your spell library was empty.

Dungeon Overview and Level Annotations

Branches:
Dungeon (4/15)
 Temple: D:4-7

Altars:


Innate Abilities, Weirdness & Mutations

You are mostly covered in thin metallic scales. (AC +3)


Message History

The orc wizard hits you but does no damage.
The orc priest hits you but does no damage.
The orc wizard points at you and mumbles some strange words.
The magic dart hits you.
* * * LOW HITPOINT WARNING * * *
Unknown command.
As you read the scroll labeled UMELIZO MEA, it crumbles to dust.
It is a scroll of enchant armour.
Your +0 plate armour glows green for a moment.
The orc hits you but does no damage.
The orc wizard gestures wildly while chanting.
The orc wizard blinks!
The orc wizard hits you but does no damage.
The orc priest mumbles some strange prayers to Beogh against you.
You barely resist.
The orc throws a tomahawk.
The tomahawk barely misses you. The orc wizard barely misses you.
The orc wizard points at you and mumbles some strange words.
The magic dart hits you.
You die...

..... #.# #...#
#<# ##...#
#######
....##.....
#..........
#.†........
#.ooo......
#..?.o.....
#..@####+##
#(..####.######
##..(..#....[..
#######.........
#<.......#######
############...#
#..............#
#.##########.#.#
#.#..........#.#


You could see an orc priest, 2 orc wizards and an orc.

Vanquished Creatures
  3 worms
  A leopard gecko (D:2)
  2 orcs
  2 bats
  2 giant cockroaches
  3 goblins
  2 hobgoblins (D:2)
  5 jackals (D:2)
  A quokka (D:3)
  3 frilled lizards
  A kobold (D:1)
25 creatures vanquished.

Notes
Turn   | Place    | Note
-------+----------+-------------------------------------------
     0 | D:1      | Marnok the Demonspawn Berserker began the quest for the
                  | Orb.
     0 | D:1      | Reached XP level 1. HP: 18/18 MP: 1/1
   307 | D:2      | Found a faded altar of an unknown god.
   359 | D:3      | Gained mutation: You are partially covered in thin metallic
                  | scales. (AC +2) [demonic ancestry]
   359 | D:3      | Reached XP level 2. HP: 6/24 MP: 2/2
  1040 | D:3      | Gained mutation: You are mostly covered in thin metallic
                  | scales. (AC +3) [demonic ancestry]
  1040 | D:3      | Reached XP level 3. HP: 24/29 MP: 3/3
  1483 | D:4      | Killed from afar by an orc wizard

Skill      XL: |  1  2  3 |
---------------+----------+-----
Axes           | 3 |  3.4
Dodging        | 2 |  2.0
Fighting       | |  3.4
Armour         | |  1.8
Stealth        | |  0.2

Action                   || total
-------------------------++-------
Melee: Hand axe          ||   104
  Use: Potion            ||     2
       Scroll            ||     1
  Eat: Chunk             ||     1
Armor: Animal skin       ||    17
       Plate armour      ||    24
Dodge: Dodged            ||    55
